 Dungeon Crawl Stone Soup version 0.27-a0-637-g3a9f0a9c12 (webtiles) character file.

Game seed: 7316362380624713020

20 Allula97 the Skirmisher (level 2, 0/24 HPs)
             Began as a Demonspawn Monk on Mar 14, 2021.
             Succumbed to an adder's poison
             ... on level 3 of the Dungeon.
             The game lasted 00:03:38 (1162 turns).

Allula97 the Skirmisher (Demonspawn Monk)           Turns: 1162, Time: 00:03:39

Health: 0/24       AC:  8    Str:  9 (11) XL:     2   Next: 58%
Magic:  2/2        EV:  9    Int: 10 (11) God:
Gold:   35         SH:  0    Dex: 19 (21) Spells: 1/1 levels left

rFire    . . .     SeeInvis .   e - +0 whip
rCold    . . .     Faith    .   (no shield)
rNeg     . . .     Spirit   .   b - +0 scale mail
rPois    .         Reflect  .   (no helmet)
rElec    .         Harm     .   (no cloak)
rCorr    .         Rampage  .   (no gloves)
Will     .....                  (no boots)
Stlth    +.........             k - amulet of the acrobat
HPRegen  0.08/turn              c - +6 ring of dexterity
MPRegen  0.08/turn              (no ring)

@: lethally poisoned (0 -> -7)
A: thin metallic scales 1
a: no special abilities


You were on level 3 of the Dungeon.
You visited 1 branch of the dungeon, and saw 3 of its levels.

You collected 35 gold pieces.

Inventory:

Hand Weapons
 e - a +0 whip (weapon)
Armour
 b - a +0 scale mail (worn)
Jewellery
 c - a +6 ring of dexterity (right hand)
 k - an amulet of the acrobat (around neck)
Wands
 l - a wand of paralysis (7)
Scrolls
 a - a scroll of teleportation {unknown}
 d - a scroll of amnesia {unknown}
 g - 3 scrolls of identify {unknown}
 h - a scroll of magic mapping {unknown}
 j - a scroll of enchant armour {unknown}


   Skills:
 * Level 3.2 Fighting
 - Level 2.6 Long Blades
 * Level 0.2 Maces & Flails
 * Level 0.6 Armour
 * Level 3.1 Dodging
 + Level 1.7 Stealth


You had one spell level left.
You didn't know any spells.
Your spell library was empty.

Dungeon Overview and Level Annotations

Branches:
Dungeon (2/15)

Altars:
Dithmenos


Innate Abilities, Weirdness & Mutations

You are partially covered in thin metallic scales. (AC +2)


Message History

You hit the adder.
The adder is moderately wounded.
The adder bites you.
You barely miss the adder.
The adder is moderately wounded.
The adder bites you but does no damage. The adder bites you.
You are poisoned.
The adder poisons you!
You hit the adder.
The adder is heavily wounded.
You feel sick. The adder bites you.
You are lethally poisoned!
The adder poisons you!
You closely miss the adder.
The adder is heavily wounded.
* * * LOW HITPOINT WARNING * * *
You feel sick. The adder bites you but does no damage. The adder bites you.
* * * LOW HITPOINT WARNING * * *
You closely miss the adder.
The adder is heavily wounded.
* * * LOW HITPOINT WARNING * * *
You feel sick. The adder closely misses you.
You hit the adder but do no damage.
The adder is heavily wounded.
* * * LOW HITPOINT WARNING * * *
You feel sick. The adder bites you but does no damage.
You barely miss the adder.
The adder is heavily wounded.
The adder completely misses you. The adder barely misses you.
You hit the adder.
The adder is severely wounded.
* * * LOW HITPOINT WARNING * * *
You feel sick. The adder bites you but does no damage.
You closely miss the adder.
The adder is severely wounded.
* * * LOW HITPOINT WARNING * * *
You feel sick. The adder barely misses you. The adder completely misses you.
You miss the adder.
The adder is severely wounded.
You die...

. ##. #. #♣.♣
..#).###.## #...
..........# ##..♣
#.......$##... .
#.....<..#..# .
#>.......#@# .
#$......g#S# .
#..$....hbK###. .
#.......ShS...... .
####.....K..K##..(..
.###.......$....#
....#
........#.....###
.#..
.....##...........
.# #
###K.##.#..###.... #


You could see 2 adders, a jackal, a bat, a ball python and 2 kobolds.

Vanquished Creatures
  4 bats (D:1)
  4 giant cockroaches
  2 goblins (D:1)
  2 hobgoblins (D:1)
  2 jackals (D:1)
  A kobold (D:2)
15 creatures vanquished.

Notes
Turn   | Place    | Note
-------+----------+-------------------------------------------
     0 | D:1      | Allula97 the Demonspawn Monk began the quest for the Orb.
     0 | D:1      | Reached XP level 1. HP: 18/18 MP: 1/1
   295 | D:1      | Gained mutation: You are partially covered in thin metallic
                  | scales. (AC +2) [demonic ancestry]
   295 | D:1      | Reached XP level 2. HP: 24/24 MP: 2/2
  1110 | D:2      | Found a shadowy altar of Dithmenos.
  1125 | D:2      | You fall into a shaft and drop 1 floor!
  1161 | D:3      | HP: 1/24 [poisoned by an adder]
  1162 | D:3      | Succumbed to an adder's poison

Illustrated notes

Levels and vault maps discovered:
D:1:      moated_graveyard_arrival, layout_loops_ring, palyth_stone_intersect
D:2:      layout_loops_corners, grunt_dithmenos_smoke, bloody_makhleb
D:3:      layout_rooms, minmay_overflow_temple_star_quad, serial_forest,
          infiniplex_forest_clump_small, infiniplex_forest_end_2,
          infiniplex_forest_lined_3_way, infiniplex_forest_lined_room_2,
          hangedman_abyss_or_decor_stabs

Skill      XL: |  1 |
---------------+----+-----
Dodging        | 3 |  3.1
Fighting       | |  3.2
Long Blades    | |  2.6
Maces & Flails | |  0.2
Armour         | |  0.6
Stealth        | |  1.7

Action                   || total
-------------------------++-------
Melee: Whip              ||    84
       Falchion          ||     1
  Use: Potion            ||     3
 Stab: Sleeping          ||     2
Armor: Robe              ||     8
       Scale mail        ||    14
       Ring mail         ||    13
Dodge: Dodged            ||    81

Table legend: (Time is in decaauts)
 A = Elapsed time spent in this place.
 B = Non-inter-level travel time spent in this place.
 C = Inter-level travel time spent in this place.
 D = Time resting spent in this place.
 E = Time spent auto-exploring this place.
 F = Levels seen in this place.
 G = Mean time per level.
                   A        B        C        D        E       F      G
               +--------+--------+--------+--------+--------+-----+--------+
         Total |   1168 |   1135 |     33 |      0 |    756 |   3 |  389.3 |
       Dungeon |   1168 |   1135 |     33 |      0 |    756 |   3 |  389.3 |
               +--------+--------+--------+--------+--------+-----+--------+

Top non-repeatable levels by time:
     D:1: 1004 daAuts
     D:2: 126 daAuts
     D:3: 38 daAuts
